 Dungeon Crawl Stone Soup version 0.28.0 (webtiles) character file.

Game seed: 2430143727078183139

29 SnakkuSnakku7 the Vexing (level 3, -2/26 HPs)
             Began as a Merfolk Arcane Marksman on Feb 12, 2022.
             Slain by an adder (4 damage)
             ... on level 1 of the Dungeon.
             The game lasted 00:02:02 (1198 turns).

SnakkuSnakku7 the Vexing (Merfolk Arcane Marksman)  Turns: 1198, Time: 00:02:03

Health: -2/26      AC:  2    Str: 12    XL:     3   Next: 16%
Magic:  4/4        EV: 12    Int: 18    God:
Gold:   11         SH:  0    Dex: 14    Spells: 3/4 levels left

rFire   . . .      SeeInvis .   a - +0 hand crossbow
rCold   . . .      Faith    .   (no shield)
rNeg    . . .      Spirit   .   d - +0 robe
rPois   .          Reflect  .   (no helmet)
rElec   .          Harm     .   (no cloak)
rCorr   .          Rampage  .   (no gloves)
Will    .....                   (no boots)
Stlth   +.........              (no amulet)
HPRegen 0.08/turn               i - +6 ring of intelligence
MPRegen 0.09/turn               (no ring)

@: lethally poisoned (-2 -> -7)
A: (nimble swimmer 2), mertail
a: no special abilities


You were on level 1 of the Dungeon.
You visited 1 branch of the dungeon, and saw 2 of its levels.

You collected 11 gold pieces.

Inventory:

Hand Weapons
 a - a +0 hand crossbow (weapon)
 b - a +0 short sword of venom
 e - a +0 whip
Missiles
 c - 38 bolts (quivered ammo)
Armour
 d - a +0 robe (worn)
Jewellery
 i - a +6 ring of intelligence (left hand)
Scrolls
 h - a scroll of vulnerability {unknown}
 j - a scroll of immolation {unknown}
 k - a scroll of identify {unknown}
 l - a scroll of teleportation {unknown}
Potions
 f - 2 potions of curing {unknown}
 g - a potion of lignification {unknown}
 m - a potion of berserk rage {unknown}


   Skills:
 - Level 1.1 Fighting
 + Level 2.9 Crossbows
 - Level 2.6 Dodging
 - Level 1.0 Spellcasting
 - Level 3.0 Hexes


You had 3 spell levels left.
You knew the following spells:

 Your Spells              Type           Power      Damage    Failure   Level
a - Slow                  Hex            44%        N/A       6%          1

Your spell library contained the following spells:

 Spells                   Type           Power      Damage    Failure   Level
 Inner Flame              Hex/Fire       6%         N/A       32%         3
 Portal Projectile        Hex/Tloc       12%        N/A       32%         3
 Cause Fear               Hex            5%         N/A       50%         4


Dungeon Overview and Level Annotations

Branches:
Dungeon (2/15)

Altars:

Shops:
D:1 [

Annotations:
D:2 Sigmund


Innate Abilities, Weirdness & Mutations

((You are very nimble when in or above water. (Stealth+, EV+, Speed+++)))
Your lower body shifts to a powerful aquatic tail in water.


Message History

You climb upwards.
There is a stone staircase leading down here.
Unknown command.
The adder bites you but does no damage. The adder bites you.
Your +0 short sword of venom stops dripping with poison.
a - a +0 hand crossbow (weapon)
You shoot a bolt. The bolt hits the adder.
The adder is heavily wounded.
The adder bites you.
You are poisoned.
The adder poisons you! The adder bites you.
You shoot a bolt. The bolt barely misses the adder.
You feel sick. The adder bites you. x2
* * * LOW HITPOINT WARNING * * *
You are too injured to fight recklessly!
You are too injured to fight recklessly!
Fire: 41 bolts
Press: ? - help, Q - select action, (/) - cycle Shift-Dir - straight line, f/p - adder
Aim: an adder (heavily wounded, 46% to hit)
You shoot a bolt. The bolt hits the adder.
The adder is almost dead.
You feel sick. The adder misses you. x2
Fire: 40 bolts
Press: ? - help, Q - select action, (/) - cycle Shift-Dir - straight line, f/p - adder
Aim: an adder (almost dead, 46% to hit)
You shoot a bolt. The bolt barely misses the adder.
You feel sick.
You are no longer poisoned.
The adder bites you.
* * * LOW HITPOINT WARNING * * *
You are lethally poisoned!
The adder poisons you! The adder closely misses you.
Fire: 39 bolts
Press: ? - help, Q - select action, (/) - cycle Shift-Dir - straight line, f/p - adder
Aim: an adder (almost dead, 46% to hit)
You shoot a bolt. The bolt closely misses the adder.
* * * LOW HITPOINT WARNING * * *
You feel sick. The adder bites you.
You die...

# # # ########### #
########.....#.).. #
##@S....>(......... #
###..#...............
#############...##.##)...........
#.'..∩(.>.('..####.##..).........
..####≈≈########...##............
#.###...# ####.####............
#.##..### #.##.# #.............
#.###.# #####.##.###.#......#....
#.###.###............#...####.###


You could see an adder.

Vanquished Creatures
  2 bats (D:1)
  An endoplasm (D:1)
  2 giant cockroaches (D:1)
  4 goblins (D:1)
  2 hobgoblins (D:1)
  2 jackals (D:1)
  3 ball pythons (D:1)
  2 frilled lizards (D:1)
  4 kobolds (D:1)
  4 rats (D:1)
26 creatures vanquished.

Notes
Turn   | Place    | Note
-------+----------+-------------------------------------------
     0 | D:1      | SnakkuSnakku7 the Merfolk Arcane Marksman began the quest
                  | for the Orb.
     0 | D:1      | Reached XP level 1. HP: 15/15 MP: 2/2
    63 | D:1      | Found Waepsiug's Armour Shop.
   127 | D:1      | Reached XP level 2. HP: 18/21 MP: 3/3
   777 | D:1      | Reached XP level 3. HP: 25/26 MP: 4/4
  1166 | D:2      | Noticed Sigmund
  1198 | D:1      | Slain by an adder

Illustrated notes

Levels and vault maps discovered:
D:1:      sevenhm_arrival_forest_fort_small_1, layout_rooms, serial_shops,
          nicolae_shop_hallway_stairs, minmay_tetromino_i4
D:2:      layout_basic, chequers_jeans, minmay_rat_hole, uniq_sigmund,
          uniq_crazy_yiuf_cottage, uniq_natasha

Skill      XL: |  1 |
---------------+----+-----
Crossbows      | 2 |  2.9
Fighting       | |  1.1
Dodging        | |  2.6
Spellcasting   | |  1.0
Hexes          | |  3.0

Action                   || total
-------------------------++-------
Melee: Whip              ||    10
       Short sword       ||    48
       Punch             ||     2
 Fire: Hand crossbow     ||    16
Armor: Robe              ||    12
Dodge: Dodged            ||    61
